[Event "Titled Tuesday Blitz April 25 Late 2023"]
[White "Liu, Eric"]
[Black "Sliwicki, Damian"]
[WhiteFideId "30960240"]
[BlackFideId "1127128"]
[WhiteElo "2094"]
[BlackElo "2030"]
[Result "0-1"]
[Round "09"]
[TimeControl "180+2"]
[Date "2023.04.25"]
[WhiteClock "0:01:25"]
[BlackClock "0:00:21"]

1. b3 e5 2. Bb2 Nc6 3. e3 Nf6 4. h4 d5 5. h5 d4 6. Bb5 Qd5 7. Bxc6+ Qxc6 8. Nf3 dxe3 9. dxe3 Bb4+ 10. Nbd2 Bg4 11. a3 Bxd2+ 12. Qxd2 Bxf3 13. gxf3 Qxf3 14. Rg1 Qxh5 15. Qb4 O-O-O 16. Qa5 Rd5 17. Qxa7 Rhd8 18. Qa8+ Kd7 19. Qxb7 Ke7 20. Qxc7+ R8d7 21. Qxd7+ Nxd7 22. c4 Rd3 23. b4 Rb3 24. Bc1 e4 25. Ra2 Ne5 26. Kd2 Rd3+ 27. Kc2 Nxc4 28. Kb1 Rd1 29. Rxg7 Qh1 30. Kc2 Rxc1+ 31. Kb3 Qd1+ 32. Rc2 Qxc2# 0-1


[Site "https://www.chess.com"]

[Event "Titled Tuesday Blitz April 25 Late 2023"]
[White "Kuzmin, Roman"]
[Black "D`Arruda, Ricardo D."]
[WhiteFideId "44134932"]
[BlackFideId "100692"]
[WhiteElo "2192"]
[BlackElo "2271"]
[Result "1-0"]
[Round "09"]
[TimeControl "180+2"]
[Date "2023.04.25"]
[WhiteClock "0:01:49"]
[BlackClock "0:01:27"]

1. e4 c5 2. Nf3 Nc6 3. d4 cxd4 4. Nxd4 e5 5. Nb5 a6 6. Nd6+ Bxd6 7. Qxd6 Qe7 8. Qd1 Nf6 9. Nc3 d6 10. Bc4 Be6 11. Bb3 h6 12. O-O O-O 13. f4 exf4 14. Bxf4 Ne5 15. Qe1 Bxb3 16. axb3 Ng6 17. Bg3 Rfe8 18. Qf2 Nxe4 19. Nxe4 Qxe4 20. Rae1 Qd5 21. c4 Qd3 22. Qxf7+ 1-0


[Site "https://www.chess.com"]

[Event "Titled Tuesday Blitz April 25 Late 2023"]
[White "Hoffmann, Asa"]
[Black "Novikov, Evgenij"]
[WhiteFideId "2001470"]
[BlackFideId "4125380"]
[WhiteElo "2117"]
[BlackElo "2242"]
[Result "0-1"]
[Round "09"]
[TimeControl "180+2"]
[Date "2023.04.25"]
[WhiteClock "0:00:02"]
[BlackClock "0:00:04"]

1. d4 Nf6 2. Bg5 d5 3. Nd2 c5 4. c3 e6 5. e3 h6 6. Bh4 Nc6 7. f4 Qc7 8. Ngf3 cxd4 9. cxd4 Ne4 10. a3 g5 11. Bg3 Bd6 12. Ne5 Bxe5 13. fxe5 Nxg3 14. hxg3 f6 15. Qh5+ Kd8 16. exf6 Qxg3+ 17. Ke2 e5 18. Qf7 Bg4+ 19. Kd3 exd4 20. Qxd5+ Kc7 21. Qf7+ Kb6 22. Qb3+ Kc7 23. Qf7+ Kb8 24. Nc4 Ne5+ 25. Nxe5 Qxe3+ 26. Kc4 Rc8+ 27. Kd5 Qb3+ 28. Ke4 Qe3+ 29. Kd5 Rd8+ 30. Nd7+ Rxd7+ 31. Qxd7 Bxd7 0-1


[Site "https://www.chess.com"]

[Event "Titled Tuesday Blitz April 25 Late 2023"]
[White "Jimenez Almeida, Luis David"]
[Black "Alexikov, Alexander"]
[WhiteFideId "22242244"]
[BlackFideId "14103958"]
[WhiteElo "2245"]
[BlackElo "2186"]
[Result "1-0"]
[Round "09"]
[TimeControl "180+2"]
[Date "2023.04.25"]
[WhiteClock "0:01:25"]
[BlackClock "0:00:01"]

1. e4 c5 2. Nc3 d6 3. g3 g6 4. Bg2 Bg7 5. Nge2 Nc6 6. O-O e6 7. d3 Nge7 8. Be3 Nd4 9. Qd2 O-O 10. a4 Rb8 11. Nc1 a6 12. Nd1 b6 13. c3 Ndc6 14. Bh6 e5 15. Bxg7 Kxg7 16. Ne3 Be6 17. f4 Qd7 18. Ne2 f5 19. Nd5 Bxd5 20. exd5 Nd8 21. fxe5 dxe5 22. c4 Nf7 23. b4 Qd6 24. bxc5 bxc5 25. Rae1 Rb4 26. Nc3 Rfb8 27. Rb1 Qf6 28. a5 Nd6 29. Kh1 h5 30. Rbe1 Rb2 31. Qe3 e4 32. dxe4 Nxc4 33. e5 Nxe3 34. exf6+ Kxf6 35. Rxe3 Rd8 36. Ne4+ Kf7 37. Nxc5 Nxd5 38. Rd3 Rc2 39. Rxd5 Rxd5 40. Bxd5+ Kf6 41. Nxa6 Rd2 42. Bg2 Ra2 43. Nc5 Rxa5 44. Ne4+ Ke5 45. Ng5 h4 46. Nf3+ Kf6 47. Nxh4 Ra2 48. g4 1-0


[Site "https://www.chess.com"]

[Event "Titled Tuesday Blitz April 25 Late 2023"]
[White "Bueno, Alfeu Junior Varela"]
[Black "Aggelis, Nikolaos"]
[WhiteFideId "2108879"]
[BlackFideId "4213220"]
[WhiteElo "2175"]
[BlackElo "2189"]
[Result "1-0"]
[Round "09"]
[TimeControl "180+2"]
[Date "2023.04.25"]
[WhiteClock "0:00:09"]
[BlackClock "0:00:05"]

1. e4 c6 2. d4 d5 3. f3 e5 4. dxe5 Bc5 5. exd5 Qb6 6. Nh3 Bxh3 7. gxh3 cxd5 8. Nc3 Bf2+ 9. Ke2 Ne7 10. Na4 Qd4 11. Qxd4 Bxd4 12. f4 a6 13. Be3 Nbc6 14. c3 Bxe3 15. Kxe3 Nf5+ 16. Kf2 d4 17. Bg2 O-O-O 18. Rad1 Kc7 19. Be4 Nfe7 20. Nc5 dxc3 21. bxc3 Ng6 22. Ke3 Rhe8 23. Rb1 Rb8 24. Rb2 Ngxe5 25. fxe5 Rxe5 26. Nd3 Re6 27. Kf3 Rbe8 28. Nf2 Rf6+ 29. Kg3 Rxf2 30. Rxf2 Rxe4 31. Rxf7+ Re7 32. Rxe7+ Nxe7 33. Rf1 Kd6 34. Rf7 Ke6 35. Rf8 Nd5 36. c4 Ne3 37. c5 Kd5 38. Rf7 Kxc5 39. Rxb7 a5 40. Kf4 Nd5+ 41. Ke5 Nb4 42. a4 Nd3+ 43. Ke4 Kc4 44. Rb5 Nc5+ 45. Ke5 Nxa4 46. Rxa5 Nc5 47. Ra7 Nd3+ 48. Kf5 g6+ 49. Kg5 Nf2 50. Rxh7 Kd4 51. Kxg6 Ke4 52. h4 Kf4 53. h5 Ng4 54. h6 Ne5+ 55. Kg7 Kf5 56. Rh8 Ng4 57. Rf8+ Kg5 58. h7 1-0


[Site "https://www.chess.com"]

[Event "Titled Tuesday Blitz April 25 Late 2023"]
[White "Jaskolka, Tomasz"]
[Black "Rodriguez Santiago, Jaime"]
[WhiteFideId "1170791"]
[BlackFideId "3100898"]
[WhiteElo "2155"]
[BlackElo "2025"]
[Result "1-0"]
[Round "09"]
[TimeControl "180+2"]
[Date "2023.04.25"]
[WhiteClock "0:01:05"]
[BlackClock "0:00:09"]

1. d4 Nf6 2. Nc3 d5 3. Bf4 a6 4. e3 c5 5. Nf3 Nc6 6. a3 cxd4 7. exd4 Bg4 8. h3 Bh5 9. Be2 e6 10. Ne5 Bxe2 11. Nxe2 Nxe5 12. Bxe5 Be7 13. O-O O-O 14. Ng3 Rc8 15. c3 b5 16. f4 Nd7 17. Qg4 f6 18. Qxe6+ Kh8 19. Bd6 Bxd6 20. Qxd6 Nb6 21. Qxd8 Rfxd8 22. Rae1 Kg8 23. Rf2 Kf7 24. Rfe2 Rd7 25. Nf5 Rcc7 26. h4 Nc4 27. h5 g6 28. hxg6+ hxg6 29. Ne3 Nb6 30. f5 g5 31. Ng4 Re7 32. Re6 Rxe6 33. Rxe6 Nd7 34. Rxa6 Rb7 35. Kf2 Rb8 36. Ne3 Nb6 37. Ra7+ Ke8 38. Ng4 Nd7 39. Ne3 Nb6 40. g3 Na4 41. Nxd5 Nxb2 42. Nxf6+ Kd8 43. Rg7 Na4 44. Nd5 Kc8 45. Rg8+ Kb7 46. Rxb8+ Kxb8 47. f6 1-0


[Site "https://www.chess.com"]

[Event "Titled Tuesday Blitz April 25 Late 2023"]
[White "Petrovic, Aleksa"]
[Black "Degtiarev, Evgeny"]
[WhiteFideId "967629"]
[BlackFideId "4149610"]
[WhiteElo "2309"]
[BlackElo "2284"]
[Result "0-1"]
[Round "09"]
[TimeControl "180+2"]
[Date "2023.04.25"]
[WhiteClock "0:00:04"]
[BlackClock "0:00:04"]

1. d4 d5 2. c4 c6 3. Nf3 Nf6 4. Nc3 a6 5. c5 Bg4 6. Ne5 Be6 7. Nd3 g6 8. Nf4 Bf5 9. Qb3 Ra7 10. Na4 Nbd7 11. Nd3 Bg7 12. e3 O-O 13. Be2 Re8 14. O-O e5 15. Nxe5 Nxe5 16. dxe5 Rxe5 17. Bd2 Ne4 18. Be1 Re7 19. f3 Nf6 20. Bf2 Nd7 21. g4 Be6 22. Qb4 a5 23. Qd2 Ra8 24. Bh4 f6 25. Bg3 Bf7 26. Rfe1 Re8 27. Rad1 Bf8 28. Qc1 Qe7 29. Bf1 Nxc5 30. Nc3 b5 31. b3 b4 32. Nb1 a4 33. Nd2 axb3 34. axb3 Ra2 35. e4 dxe4 36. Nxe4 Nxe4 37. Rxe4 Qa7+ 38. Kh1 Rxe4 39. fxe4 Qe7 40. Bd3 c5 41. Qf4 Rb2 42. Rf1 Rxb3 43. Bc2 Rb2 44. Ba4 b3 45. Bc6 Rc2 46. Bd5 b2 47. Bxf7+ Qxf7 48. Qb8 c4 49. Qb5 c3 50. e5 Rc1 51. exf6 Qxf6 52. Qd5+ Kg7 53. Be5 Rxf1+ 54. Kg2 b1=Q 55. Bxf6+ Rxf6 56. Qd7+ Rf7 57. Qd4+ Kg8 58. Qd5 Qc2+ 0-1


[Site "https://www.chess.com"]

[Event "Titled Tuesday Blitz April 25 Late 2023"]
[White "Arencibia Monduy, Antonio"]
[Black "Torres Dominguez, David"]
[WhiteFideId "3507939"]
[BlackFideId "2220857"]
[WhiteElo "2122"]
[BlackElo "1999"]
[Result "1/2-1/2"]
[Round "09"]
[TimeControl "180+2"]
[Date "2023.04.25"]
[WhiteClock "0:00:09"]
[BlackClock "0:00:06"]

1. c4 e5 2. e3 Nc6 3. Nc3 f5 4. d4 Bb4 5. d5 Nce7 6. Qb3 Bxc3+ 7. Qxc3 d6 8. f4 exf4 9. Qxg7 Ng6 10. exf4 Qf6 11. Qxf6 Nxf6 12. Bd3 O-O 13. Ne2 Bd7 14. O-O Rae8 15. Nd4 Ng4 16. Bd2 Ne3 17. Rfe1 Nxf4 18. Rxe3 Rxe3 19. Bxe3 Nxd3 20. b3 f4 21. Bd2 Ne5 22. Re1 f3 23. gxf3 Nxf3+ 24. Nxf3 Rxf3 25. Kg2 Rf7 26. Bh6 Rf6 27. Re7 Rf7 28. Re3 Rf6 29. Rg3+ Rg6 30. Bg5 Kf7 31. Kf2 c6 32. h4 Rg7 33. Rf3+ Kg8 34. Rf6 Rf7 35. Ke3 Rxf6 36. Bxf6 Kf7 37. Bd4 cxd5 38. cxd5 a6 39. Ke4 Bb5 40. a3 Be2 41. b4 Bd1 42. Be3 Bc2+ 43. Kd4 Ke7 44. Bg5+ Kd7 45. Bf4 b5 46. Bg3 Bd1 47. Ke3 Bh5 48. Kf4 Bf7 49. Ke4 Bg6+ 50. Kd4 Bf7 51. Bf4 Bg6 52. Bh6 Bf5 53. Bf8 Bg6 54. Ke3 Bf7 55. Ke4 Bg6+ 56. Kf4 Bf7 57. Ke4 Bg6+ 58. Kd4 Bb1 59. Bh6 Ba2 60. Bf4 Bc4 61. Bg3 Ke7 62. Bf4 Bb3 63. Ke4 Bc2+ 64. Kd4 Bg6 65. Bg5+ Kd7 66. Bh6 Ke7 67. Bg5+ Kd7 68. Bf4 Bb1 69. Bg3 Bc2 70. Bf4 Ba4 71. Bg3 Kc7 72. Bf4 Bb3 73. Bg3 Bd1 74. Bf4 Bg4 75. Bg3 Kd7 76. Bf4 Ke7 77. Bg5+ Kf7 78. Bf4 Ke7 79. Bg5+ Kd7 80. Bf4 Bh5 81. Bg5 Bg6 1/2-1/2


[Site "https://www.chess.com"]

[Event "Titled Tuesday Blitz April 25 Late 2023"]
[White "Delorme, Alban"]
[Black "Meunier-Pion, Jean"]
[WhiteFideId "623636"]
[BlackFideId "20685327"]
[WhiteElo "2196"]
[BlackElo "2124"]
[Result "0-1"]
[Round "09"]
[TimeControl "180+2"]
[Date "2023.04.25"]
[WhiteClock "0:00:01"]
[BlackClock "0:00:08"]

1. e4 c5 2. Nf3 d6 3. d4 cxd4 4. Nxd4 Nf6 5. Nc3 a6 6. Bg5 Nbd7 7. f4 Qc7 8. Qf3 h6 9. Bh4 g5 10. fxg5 hxg5 11. Bxg5 Qc5 12. Be3 Ne5 13. Qe2 Qb4 14. O-O-O Neg4 15. Bg1 Bh6+ 16. Kb1 Be6 17. Nb3 Bxb3 18. axb3 Rc8 19. h3 Ne5 20. Be3 Nxe4 21. Bxh6 Rxc3 22. Bg7 Rg8 23. Bxe5 dxe5 24. Rd3 Rxd3 25. Qxd3 Qe1+ 26. Ka2 Rg3 27. Qd5 e6 28. Qc4 Qa5+ 29. Qa4+ Qxa4+ 30. bxa4 Nd2 31. Bd3 Rxg2 32. h4 e4 33. Bf1 Rf2 34. Bh3 Kf8 35. h5 Kg7 36. Bg4 Kh8 37. b4 e3 38. Re1 Nc4 39. Re2 Rxe2 40. Bxe2 Ne5 41. Kb3 f5 42. c4 f4 43. Kc3 f3 44. Bxf3 Nxf3 45. Kd3 Ne5+ 46. Kxe3 Nxc4+ 47. Kd4 Nb6 48. a5 Nd5 49. Kc5 Kg7 50. b5 axb5 51. Kxb5 Kh6 52. Kc5 Kxh5 53. Kd6 Nb4 54. Kxe6 Nc6 55. Kd6 Nxa5 56. Kc7 b5 57. Kb6 b4 58. Kc5 b3 59. Kb6 b2 60. Ka7 b1=Q 0-1


[Site "https://www.chess.com"]

[Event "Titled Tuesday Blitz April 25 Late 2023"]
[White "Pinto, Daniel"]
[Black "Ezat, Mohamed"]
[WhiteFideId "3303144"]
[BlackFideId "10600906"]
[WhiteElo "2145"]
[BlackElo "2386"]
[Result "0-1"]
[Round "09"]
[TimeControl "180+2"]
[Date "2023.04.25"]
[WhiteClock "0:00:02"]
[BlackClock "0:01:06"]

1. e4 Nf6 2. Nc3 e5 3. g3 d5 4. exd5 Nxd5 5. Bg2 Nxc3 6. bxc3 Nc6 7. Nf3 Bc5 8. O-O O-O 9. Nxe5 Nxe5 10. d4 Bd6 11. dxe5 Bxe5 12. Qf3 Qf6 13. Qxf6 Bxf6 14. Rb1 c6 15. c4 h5 16. Re1 a5 17. Bb2 Bxb2 18. Rxb2 a4 19. a3 Ra7 20. Re7 Rd8 21. Bxc6 Bh3 22. Re8+ Rxe8 23. Bxe8 Ra8 24. Bb5 Rd8 25. Rb1 Rd2 26. Bxa4 g5 27. c5 Kg7 28. c6 bxc6 29. Bxc6 Rxc2 30. Bg2 Bf5 31. Ra1 Rc5 32. a4 Ra5 33. Bc6 Kf6 34. Bb5 Ke5 35. Re1+ Kd4 36. Re7 Be6 37. Rc7 Ra8 38. Kf1 Bd5 39. Rd7 Ke5 40. Ke2 Rc8 41. Re7+ Be6 42. Kd3 Rc1 43. Rb7 Rh1 44. h4 gxh4 45. gxh4 Rxh4 46. a5 Rb4 47. Kc3 Rb3+ 48. Kc2 Ra3 49. a6 h4 50. Rb6 h3 51. Bc6 h2 52. Rb5+ Kd4 53. Rh5 Rxa6 54. Bb5 Ra2+ 55. Kb1 Rxf2 0-1


[Site "https://www.chess.com"]

[Event "Titled Tuesday Blitz April 25 Late 2023"]
[White "Karttunen, Mika"]
[Black "Fernandez, Maria Florencia"]
[WhiteFideId "502081"]
[BlackFideId "116459"]
[WhiteElo "2396"]
[BlackElo "2120"]
[Result "1-0"]
[Round "09"]
[TimeControl "180+2"]
[Date "2023.04.25"]
[WhiteClock "0:00:04"]
[BlackClock "0:00:01"]

1. e4 c5 2. Nf3 d6 3. d4 cxd4 4. Nxd4 Nf6 5. Nc3 g6 6. Be3 Bg7 7. f3 O-O 8. Qd2 Nc6 9. O-O-O d5 10. exd5 Nxd5 11. Nxc6 bxc6 12. Bd4 e5 13. Bc5 Be6 14. Ne4 Re8 15. g4 Qc7 16. h4 h6 17. g5 h5 18. Bc4 Rad8 19. Bb3 Nf4 20. Nd6 Re7 21. Qe3 Bxb3 22. axb3 Red7 23. Ne4 Qa5 24. Ba3 Rxd1+ 25. Rxd1 Rxd1+ 26. Kxd1 Bf8 27. Nf6+ Kg7 28. Bxf8+ Kxf8 29. Nd7+ Ke7 30. Qxe5+ Qxe5 31. Nxe5 Kd6 32. Nxf7+ Ke6 33. Nd8+ Kd7 34. Nb7 Ng2 35. Ke2 Nxh4 36. Nc5+ Kd6 37. b4 Ng2 38. Kf2 Nf4 39. Kg3 Ne2+ 40. Kf2 Nd4 41. c3 Nf5 42. c4 Nd4 43. f4 Nc2 44. Ne4+ Ke6 45. b5 cxb5 46. cxb5 Kf5 47. Nd6+ Kxf4 48. Nc8 Nd4 49. Nxa7 Kxg5 50. b6 Ne6 51. b7 1-0


[Site "https://www.chess.com"]

[Event "Titled Tuesday Blitz April 25 Late 2023"]
[White "Melikhov, Evgeny V."]
[Black "Remolar Gallen, Jose"]
[WhiteFideId "4122046"]
[BlackFideId "2215187"]
[WhiteElo "2158"]
[BlackElo "2223"]
[Result "0-1"]
[Round "09"]
[TimeControl "180+2"]
[Date "2023.04.25"]
[WhiteClock "0:00:05"]
[BlackClock "0:00:18"]

1. d4 Nf6 2. c4 g6 3. Nc3 d5 4. Nf3 Bg7 5. e3 O-O 6. Be2 c5 7. O-O cxd4 8. exd4 Nc6 9. Re1 h6 10. h3 Be6 11. c5 Ne4 12. Bf4 f5 13. Nxe4 fxe4 14. Be3 exf3 15. Bxf3 Qd7 16. Qd2 Kh7 17. Bd1 Qc7 18. b4 a6 19. a4 Bf7 20. Bc2 e5 21. dxe5 Nxe5 22. Bd4 Nc4 23. Qc3 Bxd4 24. Qxd4 Rae8 25. Qf6 Rxe1+ 26. Rxe1 Re8 27. Rxe8 Bxe8 28. h4 Qf7 29. Qd4 h5 30. g3 Bd7 31. Qd3 Bf5 32. Qc3 Bxc2 33. Qxc2 Qf6 34. b5 axb5 35. axb5 Qd4 36. c6 bxc6 37. bxc6 Qc5 38. Qe2 Qxc6 39. Qe7+ Kg8 40. g4 hxg4 41. h5 gxh5 42. Qg5+ Kf7 43. Qxh5+ Ke7 44. Qxg4 Ne5 45. Qg7+ Nf7 46. f3 Qc1+ 47. Kf2 Qd2+ 48. Kf1 Qd3+ 49. Kf2 d4 50. Qg4 Qe3+ 51. Kg2 d3 52. Qb4+ Kf6 53. Qc3+ Ne5 54. Qc8 Qxf3+ 55. Kh2 Qh5+ 56. Kg2 Qg4+ 57. Qxg4 Nxg4 58. Kf3 Ne5+ 59. Ke4 Ke6 60. Kd4 Kd6 61. Ke3 Kd5 62. Kd2 Kd4 63. Kd1 Nc4 64. Kc1 Kc3 65. Kd1 d2 66. Ke2 Nb2 67. Kf2 d1=Q 0-1


[Site "https://www.chess.com"]

[Event "Titled Tuesday Blitz April 25 Late 2023"]
[White "Toniutti, Ezio"]
[Black "Rottenwohrer Suarez, Juan"]
[WhiteFideId "113034"]
[BlackFideId "32068182"]
[WhiteElo "2215"]
[BlackElo "2174"]
[Result "0-1"]
[Round "09"]
[TimeControl "180+2"]
[Date "2023.04.25"]
[WhiteClock "0:00:04"]
[BlackClock "0:00:06"]

1. d4 Nf6 2. c4 c5 3. d5 b5 4. cxb5 a6 5. e3 g6 6. Nc3 Bg7 7. a4 O-O 8. Nf3 d6 9. Bd2 Bb7 10. e4 Ne8 11. Be2 axb5 12. Bxb5 Nc7 13. O-O Nxb5 14. axb5 Nd7 15. Qe2 Qb6 16. h3 h6 17. Bf4 Kh7 18. Nd2 Qc7 19. Nc4 Rfb8 20. Rfe1 Bc8 21. e5 Rxa1 22. Rxa1 Nxe5 23. Nxe5 dxe5 24. Bg3 f5 25. f3 Bd7 26. Bf2 c4 27. Ra7 Qd6 28. Qxc4 Rc8 29. Qd3 h5 30. Kh1 Rb8 31. Ra6 Qb4 32. d6 exd6 33. Rxd6 Bxb5 34. Nxb5 Qxb5 35. Qd2 Qxb2 36. Qg5 Qxf2 37. Qxg6+ Kg8 38. Qe6+ Kh8 39. Kh2 Qe3 40. Qxf5 Qf4+ 41. Qxf4 exf4 42. Rg6 Rf8 43. Rg5 Bh6 44. Rxh5 Kg7 45. Rb5 Kg6 46. h4 Rf5 47. Rb6+ Kh5 48. Kh3 Bg7 49. Rb7 Bf6 50. Rh7+ Kg6 51. Rb7 Rh5 52. Kh2 Bxh4 53. Kg1 Bg3 54. Kf1 Rd5 55. Ke2 Re5+ 56. Kd3 Re1 57. Rb6+ Kf5 58. Rb5+ Ke6 59. Rb6+ Ke5 60. Rb5+ Kd6 61. Rb6+ Kc5 62. Rb2 Re3+ 63. Kd2 Ra3 64. Rc2+ Kd4 65. Ke2 Ra1 66. Rd2+ Kc3 67. Rd3+ Kc4 68. Rd2 Rg1 69. Rc2+ Kd4 70. Rd2+ Kc3 71. Rd3+ Kc4 72. Rd8 Rxg2+ 73. Kd1 Rf2 74. Rc8+ Kd4 75. Rd8+ Ke3 76. Re8+ Kxf3 0-1


[Site "https://www.chess.com"]

[Event "Titled Tuesday Blitz April 25 Late 2023"]
[White "Flynn, Jacob"]
[Black "Ardila, Oscar Humberto"]
[WhiteFideId "2509393"]
[BlackFideId "4404742"]
[WhiteElo "2053"]
[BlackElo "1918"]
[Result "0-1"]
[Round "09"]
[TimeControl "180+2"]
[Date "2023.04.25"]
[WhiteClock "0:00:03"]
[BlackClock "0:00:24"]

1. Nf3 Nf6 2. g3 g6 3. Bg2 Bg7 4. O-O O-O 5. d4 d6 6. c4 Nbd7 7. Nc3 c6 8. e4 Qc7 9. h3 e5 10. Be3 exd4 11. Nxd4 Re8 12. Qc2 Nc5 13. Rad1 a5 14. b3 h5 15. Nde2 h4 16. g4 Bd7 17. Rd2 Rad8 18. Rfd1 Bc8 19. Bf4 Bf8 20. Bg5 Bg7 21. Bxh4 Ne6 22. Bg3 Bf8 23. f4 Qb6+ 24. Kh2 Nc5 25. Bf2 Qc7 26. Bg3 Qb6 27. e5 dxe5 28. Rxd8 Rxd8 29. Rxd8 Qxd8 30. fxe5 Nfd7 31. Qd2 Ne6 32. Ne4 Be7 33. Nd6 Ndc5 34. Qc3 Qc7 35. Nxc8 Qxc8 36. Qxa5 Qd7 37. Qc3 Qd1 38. Qe3 Qc2 39. Nc3 Bg5 40. Qf3 Nd4 41. Qf2 Qxc3 42. h4 Nd3 43. Qf1 Be7 44. h5 gxh5 45. gxh5 Qd2 46. Kh1 Qe2 47. Qg1 Nf5 48. Bh3 Nxg3+ 49. Qxg3+ Kh8 50. Bg2 Nxe5 51. h6 Qh5+ 52. Kg1 Bc5+ 53. Kf1 Qd1+ 54. Qe1 Qxe1+ 55. Kxe1 Kh7 56. Bh3 Kxh6 57. Bc8 b5 58. cxb5 cxb5 59. a4 b4 60. Ke2 Kg5 61. a5 Kf4 62. a6 Ke4 63. Kd2 Kd4 64. Kc2 Nd3 0-1


[Site "https://www.chess.com"]

[Event "Titled Tuesday Blitz April 25 Late 2023"]
[White "Bogaudinov, Rushan"]
[Black "Lorenzo De La Riva, Lazaro"]
[WhiteFideId "4129288"]
[BlackFideId "2268809"]
[WhiteElo "1967"]
[BlackElo "2294"]
[Result "0-1"]
[Round "09"]
[TimeControl "180+2"]
[Date "2023.04.25"]
[WhiteClock "0:00:02"]
[BlackClock "0:00:20"]

1. e4 e5 2. Nc3 a6 3. f4 d6 4. Nf3 Nc6 5. d4 Bg4 6. dxe5 dxe5 7. Qxd8+ Rxd8 8. Nd5 Bd6 9. Bd3 Nge7 10. O-O O-O 11. Nxe7+ Bxe7 12. Nxe5 Nxe5 13. fxe5 Bc5+ 14. Kh1 Bd4 15. Bf4 c6 16. h3 Bh5 17. g4 Bg6 18. Rab1 Rfe8 19. Kg2 Bxe5 20. Bxe5 Rxe5 21. Rbe1 Rde8 22. Kf3 h5 23. Kf4 b5 24. b4 f6 25. Re2 Bf7 26. a3 g5+ 27. Kf3 c5 28. bxc5 Rxc5 29. Ke3 Kg7 30. Ref2 Rc6 31. Ra1 hxg4 32. hxg4 Be6 33. Kf3 Rh8 34. Rg2 Rc5 35. Rg3 Bc4 36. Rd1 Rd8 37. Ke3 Bf7 38. Rf3 Bg6 39. Rdf1 Rd6 40. Ra1 Re5 41. a4 b4 42. a5 Rde6 43. Kd2 Bxe4 44. Rg3 Rd6 45. Ra4 b3 46. cxb3 Bg6 47. Rc4 Rxa5 48. Rc7+ Bf7 49. Kc3 Kf8 50. Rh3 Rdd5 51. b4 Ra3+ 52. Kc2 Raxd3 53. Rxd3 Bg6 54. Kc3 Rxd3+ 55. Kc4 Rd6 56. Kc5 Re6 57. Kd5 Bf7 58. Kc5 Kg7 59. Ra7 Kg6 60. Kd4 Rc6 61. Rd7 Bc4 62. Rd8 Be2 63. Rg8+ Kf7 64. Rb8 Bxg4 65. Kd5 Re6 66. Rb7+ Kg6 67. b5 Re5+ 68. Kd4 Rxb5 69. Ra7 Be2 0-1


[Site "https://www.chess.com"]

[Event "Titled Tuesday Blitz April 25 Late 2023"]
[White "Seletsky, Grigory"]
[Black "Prieto Aranguren, Alain"]
[WhiteFideId "14112191"]
[BlackFideId "2268906"]
[WhiteElo "2490"]
[BlackElo "2209"]
[Result "1-0"]
[Round "09"]
[TimeControl "180+2"]
[Date "2023.04.25"]
[WhiteClock "0:00:18"]
[BlackClock "0:00:01"]

1. e4 c6 2. d4 d5 3. Nd2 dxe4 4. Nxe4 Nf6 5. Ng3 h5 6. h3 h4 7. N3e2 Bf5 8. Nf3 e6 9. c3 Nd5 10. Nf4 Nxf4 11. Bxf4 Be7 12. Bd3 Bxd3 13. Qxd3 Nd7 14. a4 Nf6 15. a5 Nd5 16. Be5 Bf6 17. Qe4 Bxe5 18. dxe5 Qe7 19. O-O Qc5 20. Nd4 Qc4 21. Nf5 Qxe4 22. Nd6+ Ke7 23. Nxe4 f6 24. f4 fxe5 25. fxe5 Rh5 26. Nd6 Rxe5 27. Nxb7 Rb8 28. a6 Re2 29. Rf2 Rxf2 30. Kxf2 Rf8+ 31. Kg1 Ne3 32. Na5 Kd6 33. Re1 Nf5 34. Nc4+ Ke7 35. Ne5 Kd6 36. b4 Ng3 37. Nf3 Nf5 38. Re4 Rb8 39. Nxh4 Rb6 40. Nxf5+ exf5 41. Rd4+ Ke6 42. Kf2 Rxa6 43. g4 Ra2+ 44. Kf3 Rc2 45. Rc4 fxg4+ 46. hxg4 Kd6 47. Kf4 Re2 48. Kf5 Re7 49. g5 Rf7+ 50. Kg6 Rb7 51. Rc5 Re7 52. Kh7 Rb7 53. g6 Re7 54. Rf5 Ke6 55. Rf3 Rc7 56. Kg8 c5 57. bxc5 Rxc5 58. Kxg7 a5 59. Kh7 Rh5+ 60. Kg8 Rc5 61. g7 Kd5 62. Kh8 Rc8+ 63. Rf8 1-0


[Site "https://www.chess.com"]

[Event "Titled Tuesday Blitz April 25 Late 2023"]
[White "Prydun, Andriy"]
[Black "Kostiukov, Alexandr"]
[WhiteFideId "14145898"]
[BlackFideId "14108100"]
[WhiteElo "2164"]
[BlackElo "2202"]
[Result "1/2-1/2"]
[Round "09"]
[TimeControl "180+2"]
[Date "2023.04.25"]
[WhiteClock "0:00:06"]
[BlackClock "0:00:07"]

1. e4 c5 2. Nf3 g6 3. d4 cxd4 4. Qxd4 Nf6 5. Nc3 Nc6 6. Qd3 Bg7 7. Be2 O-O 8. O-O d5 9. exd5 Nb4 10. Qd1 Nfxd5 11. Nxd5 Nxd5 12. c3 e5 13. Bg5 f6 14. Bc1 Be6 15. c4 Ne7 16. b3 Nc6 17. Bb2 Qa5 18. a3 Rfd8 19. Qc2 Bf5 20. Qc1 Qb6 21. b4 Rac8 22. c5 Qc7 23. Qc4+ Kh8 24. Rfd1 Qe7 25. Rxd8+ Rxd8 26. Rd1 Rxd1+ 27. Bxd1 Be6 28. Qe2 Qd7 29. Ba4 Qd5 30. Qd2 Qxd2 31. Nxd2 Kg8 32. Ne4 Bd5 33. Nd6 Nd4 34. Kf1 Bf8 35. Bd7 Bxd6 36. cxd6 Kf7 37. Bxd4 exd4 38. Ke2 Bc6 39. Bc8 Bxg2 40. Kd3 f5 41. Kxd4 Kf6 42. Kc5 b6+ 43. Kd4 Bc6 44. a4 Bxa4 45. Kd5 Be8 46. d7 Bxd7 47. Bxd7 g5 48. Bc8 a5 49. Kd4 axb4 50. Kc4 Ke5 51. Kxb4 Kf4 52. Kb5 Kf3 53. Bxf5 Kxf2 54. Bxh7 Kg2 55. Bf5 Kxh2 56. Kxb6 g4 57. Bxg4 1/2-1/2


[Site "https://www.chess.com"]

[Event "Titled Tuesday Blitz April 25 Late 2023"]
[White "Smith, Garrett L"]
[Black "Bustamante Orta, Jorge"]
[WhiteFideId "2024829"]
[BlackFideId "5121710"]
[WhiteElo "2047"]
[BlackElo "2165"]
[Result "0-1"]
[Round "09"]
[TimeControl "180+2"]
[Date "2023.04.25"]
[WhiteClock "0:00:05"]
[BlackClock "0:00:52"]

1. e4 c6 2. d4 d5 3. e5 Bf5 4. Nd2 e6 5. Nb3 a6 6. Nf3 c5 7. c4 dxc4 8. Bxc4 b5 9. Be2 c4 10. Nbd2 Nc6 11. Nb1 Bb4+ 12. Nc3 Nge7 13. O-O O-O 14. Bg5 h6 15. Bh4 Qd7 16. h3 Ba5 17. g4 Bh7 18. Qd2 Nd5 19. Rfd1 Rfe8 20. a3 Nce7 21. Bxe7 Qxe7 22. Nxd5 Bxd2 23. Nxe7+ Rxe7 24. Rxd2 Rd8 25. Rad1 Red7 26. g5 Be4 27. gxh6 gxh6 28. Kh2 Kh7 29. Ng1 Kg6 30. Bf3 Bd3 31. Ne2 Kf5 32. Bc6 Rc7 33. Ng3+ Kf4 34. Nh5+ Kg5 35. Bf3 Rxd4 36. Rg1+ Kf5 37. Rg4 Kxe5 38. Kg3 f5 39. Rg7 Rxg7+ 40. Nxg7 a5 41. Nh5 b4 42. axb4 axb4 43. Bd1 c3 44. f4+ Kd5 45. bxc3 bxc3 46. Ra2 Bc4 47. Ra5+ Kc6 48. Bc2 Rd2 49. Ba4+ Kb6 50. Re5 c2 0-1


[Site "https://www.chess.com"]

[Event "Titled Tuesday Blitz April 25 Late 2023"]
[White "Stanisz, Patryk"]
[Black "Mazurkiewicz, Michal"]
[WhiteFideId "1123106"]
[BlackFideId "1124943"]
[WhiteElo "2069"]
[BlackElo "2054"]
[Result "1-0"]
[Round "09"]
[TimeControl "180+2"]
[Date "2023.04.25"]
[WhiteClock "0:00:51"]
[BlackClock "0:00:07"]

1. d4 Nf6 2. Nf3 g6 3. c4 Bg7 4. Nc3 O-O 5. e4 d6 6. Be2 c5 7. d5 e6 8. O-O exd5 9. cxd5 Re8 10. Nd2 Na6 11. Re1 Bd7 12. a4 Nb4 13. Ra3 a6 14. a5 b5 15. axb6 Qxb6 16. Nc4 Qc7 17. Bf4 Nxe4 18. Nxe4 Rxe4 19. Bxd6 Qb7 20. Bxc5 Qxd5 21. Nb6 Qxd1 22. Rxd1 Rae8 23. Nxd7 Nc2 24. Re3 Nxe3 25. Bxe3 a5 26. b3 Rb4 27. Nc5 Bf8 28. Bc4 Rb6 29. Nd7 Rc6 30. h4 a4 31. Bb5 Rd6 32. Rxd6 Bxd6 33. Nf6+ 1-0


[Site "https://www.chess.com"]